 Dungeon Crawl Stone Soup version 0.28.0-43-g3370ac3207 (webtiles) character file.

Game seed: 4670781898241575155

272 NinjaNoafa the Skirmisher (level 6, -2/57 HPs)
             Began as a Hill Orc Monk on Mar 30, 2022.
             Was an Initiate of Trog.
             Shot with an arrow by a centaur (13 damage)
             ... on level 4 of the Dungeon.
             The game lasted 00:23:00 (2345 turns).

NinjaNoafa the Skirmisher (Hill Orc Monk)           Turns: 2345, Time: 00:23:01

Health: -2/57      AC:  3    Str: 14    XL:     6   Next: 23%
Magic:  15/15      EV: 13    Int: 12    God:    Trog [......]
Gold:   87         SH:  0    Dex: 17    Spells: 5/5 levels left

rFire   + . .      SeeInvis .   t - +4 hand axe "Oluruny" {vorpal, Int+2 Dex+2}
rCold   . . .      Faith    .   (no shield)
rNeg    . . .      Spirit   .   b - +0 robe
rPois   .          Reflect  .   (no helmet)
rElec   .          Harm     .   v - +0 cloak
rCorr   .          Rampage  .   (no gloves)
Will    .....                   (no boots)
Stlth   ++........              r - amulet of regeneration
HPRegen 0.99/turn               m - ring of protection from fire
MPRegen 0.14/turn               o - ring of magical power

@: no status effects
A: no striking features
a: Renounce Religion


You were on level 4 of the Dungeon.
You worshipped Trog.
Trog was noncommittal.
You visited 1 branch of the dungeon, and saw 4 of its levels.

You collected 114 gold pieces.
You donated 27 gold pieces to Zin.

Inventory:

Hand Weapons
 e - a +2 scythe of venom
 i - a +0 short sword of venom
 t - the +4 hand axe "Oluruny" (weapon) {vorpal, Int+2 Dex+2}
   (You found it on level 2 of the Dungeon)

   It inflicts extra damage upon your enemies.
   Int:       It affects your intelligence (+2).
   Dex:       It affects your dexterity (+2).
 u - a +0 dagger of electrocution
Missiles
 g - 9 arrows
 k - a poisoned dart (quivered)
Armour
 b - a +0 robe (worn)
 v - a +0 cloak (worn)
Jewellery
 m - a ring of protection from fire (left hand)
 o - a ring of magical power (right hand)
 r - an amulet of regeneration (around neck)
 x - a ring of poison resistance
Wands
 s - a wand of acid (4)
Scrolls
 d - a scroll of blinking {unknown}
 f - 2 scrolls of enchant weapon {unknown}
 l - a scroll of identify {unknown}
 p - a scroll of acquirement {unknown}
Potions
 a - a potion of attraction {unknown}
 h - a potion of invisibility {unknown}
 j - a potion of ambrosia {unknown}
 n - a potion of might {unknown}
 q - a potion of mutation {unknown}
 w - a potion of brilliance {unknown}


   Skills:
 * Level 5.9 Fighting
 - Level 1.8 Short Blades
 * Level 4.7 Axes
 + Level 3.2 Dodging
 + Level 2.6 Stealth


You had 5 spell levels left.
You didn't know any spells.
Your spell library contained the following spells:

 Spells                   Type           Power      Damage    Failure   Level
 Animate Dead             Necr           0%         N/A       97%         4
 Haunt                    Necr/Summ      0%         N/A       100%        7
 Infestation              Necr           0%         N/A       100%        8


Dungeon Overview and Level Annotations

Branches:
Dungeon (4/15)
 Temple: D:4-7

Altars:
Trog
Zin


Message History

Okay, then.
Okay, then.
Okay, then.
A hobgoblin comes into view.
Found an escape hatch in the floor.
The hobgoblin shouts!
The hobgoblin misses you.
You barely miss the hobgoblin. The hobgoblin hits you.
The hobgoblin barely misses you.
You hit the hobgoblin.
The hobgoblin is severely wounded.
The hobgoblin misses you.
You slash the hobgoblin!
You kill the hobgoblin!
Trog accepts your kill.
A centaur comes into view. It is wielding a +0 spear.
The centaur unwields a +0 spear.
The centaur wields a +0 shortbow.
The centaur shoots an arrow.
The arrow hits you.
The centaur shoots an arrow.
The arrow hits you.
The centaur shoots an arrow.
The arrow hits you!
Throw: 2 darts (poison)
Press: ? - help, Q - select action, (/) - cycle Shift-Dir - straight line, f - centaur
Aim: a centaur, wielding a +0 shortbow and quivering arrows (72% to hit)
You throw a poisoned dart.
The poisoned dart barely misses the centaur.
The centaur shoots an arrow.
The arrow hits you!
Aiming: Corrosive Bolt
Press: ? - help, Shift-Dir - straight line, f/p - centaur
Aim: a centaur, wielding a +0 shortbow and quivering arrows (83% to hit)
The bolt of acid hits the centaur!
The acid corrodes the centaur!
The centaur is moderately wounded.
The centaur shoots an arrow.
The arrow hits you!
The centaur shoots an arrow.
The arrow hits you!
The centaur shoots an arrow.
The arrow hits you!
* * * LOW HITPOINT WARNING * * *
Okay, then.
As you read the scroll of immolation, it crumbles to dust.
The creatures around you are filled with an inner flame!
The centaur shoots an arrow.
The arrow hits you!
You die...

.........# #...####.#
.... ..#..# .#(. #....#
... ##.#.# .. ##.#.# #
.#
##.#.###.#.######c######
##.#....................
.........####..>@.#
##................#
#############.....# #
#.....# # ###.### # #.#
# #.# ########### #.#
..........# #.#


You could see a centaur (inner flame, corroded).

Vanquished Creatures
  Sigmund (D:2)
  A hound skeleton (D:4)
  A gnoll (D:2)
  3 adders
  3 worms (D:2)
  7 bats
  2 endoplasms (D:1)
  A giant cockroach (D:2)
  7 goblins
  4 hobgoblins
  A jackal (D:2)
  5 kobolds
  A quokka (D:1)
  9 ball pythons
  5 frilled lizards
  7 rats
58 creatures vanquished.

Notes
Turn   | Place    | Note
-------+----------+-------------------------------------------
     0 | D:1      | NinjaNoafa the Hill Orc Monk began the quest for the Orb.
     0 | D:1      | Reached XP level 1. HP: 19/19 MP: 1/1
   212 | D:1      | Reached skill level 4 in Fighting
   212 | D:1      | Reached XP level 2. HP: 13/27 MP: 2/2
   428 | D:1      | Found a faded altar of an unknown god.
   460 | D:1      | Prayed at the altar of an unknown god.
   460 | D:1      | Became a worshipper of Zin the Law-Giver
   460 | D:1      | Reached * piety under Zin
   460 | D:1      | Reached ** piety under Zin
   461 | D:1      | Donated 9 gold pieces to Zin
   561 | D:1      | Reached *** piety under Zin
   562 | D:1      | Donated 11 gold pieces to Zin
  1214 | D:2      | Noticed Sigmund
  1228 | D:2      | Killed Sigmund
  1229 | D:2      | Reached skill level 5 in Fighting
  1229 | D:2      | Reached skill level 1 in Short Blades
  1229 | D:2      | Reached XP level 3. HP: 36/36 MP: 3/3
  1229 | D:2      | Reached XP level 4. HP: 42/42 MP: 4/4
  1229 | D:2      | Reached XP level 5. HP: 48/48 MP: 5/5
  1313 | D:2      | Found a bloodstained altar of Trog.
  1321 | D:2      | Fell from the grace of Zin
  1322 | D:2      | Became a worshipper of Trog the Wrathful
  1883 | D:2      | Identified the +4 hand axe "Oluruny" {vorpal, Int+2 Dex+2}
  1966 | D:2      | Reached XP level 6. HP: 57/57 MP: 6/6
  2345 | D:4      | Shot with an arrow by a centaur

Illustrated notes

Levels and vault maps discovered:
D:1:      minmay_arrival_checkered_box, layout_rooms,
          hellmonk_ecumenical_altar_lost_god
D:2:      layout_loops_ring, serial_glass, glass_columns_a, glass_columns_b,
          glass_columns_a, glass_columns_a, glass_columns_a, glass_columns_a,
          glass_columns_a, glass_columns_c, basic_altar, minmay_divided_ellipse,
          uniq_sigmund
D:3:      layout_loops_cross, nicolae_ashenzari_panopticon,
          gup_sewer_entry_pipe, minmay_snake_closets, uniq_pargi
D:4:      layout_loops_ring, minmay_temple_entry_butterflies,
          minmay_misc_feat_plants, minmay_misc_feat_hallway

Skill      XL: |  1  2 |
---------------+-------+-----
Fighting       | 4 5 |  5.9
Short Blades   | 1 |  1.8
Dodging        | 3 |  3.2
Stealth        | 2 |  2.6
Axes           | |  4.7

Action                   |  1- 3 |  4- 6 || total
-------------------------+-------+-------++-------
Melee: Hand axe          |    40 |    38 ||    78
       Unarmed           |     9 |       ||     9
       Short sword       |     2 |     5 ||     7
       Scythe            |       |    24 ||    24
Throw: Dart              |     6 |     4 ||    10
       Boomerang         |       |     4 ||     4
Invok: Donate Gold       |     2 |       ||     2
       Renounce Religion |       |     1 ||     1
Evoke: Wand              |       |     2 ||     2
  Use: Scroll            |     1 |     1 ||     2
       Potion            |     1 |       ||     1
 Stab: Sleeping          |       |     6 ||     6
Armor: Robe              |     6 |    15 ||    21
       Leather armour    |     1 |       ||     1
Dodge: Dodged            |    39 |    58 ||    97
